 Dungeon Crawl Stone Soup version 0.32-a0-7-ge934b4519a (webtiles) character file.

Game seed: 2171415225747749583

13 veles2001 the Slasher (level 2, 0/24 HPs)
             Began as a Human Berserker on Jan 14, 2024.
             Was a Follower of Trog.
             Slain by a quokka (3 damage)
             ... on level 1 of the Dungeon.
             The game lasted 00:00:57 (200 turns).

veles2001 the Slasher (Human Berserker)              Turns: 200, Time: 00:00:57

Health: 0/24       AC:  2    Str: 17    XL:     2   Next: 37%
Magic:  2/2        EV: 12    Int:  7    God:    Trog [*.....]
Gold:   8          SH:  0    Dex: 12    Spells: 1/1 levels left

rFire   . . .        a - +0 falchion
rCold   . . .        (no shield)
rNeg    . . .        b - +0 animal skin
rPois   .            (no helmet)
rElec   .            c - scarf {shadows}
rCorr   .            (no gloves)
SInv    .            (no boots)
Will    .....        (no amulet)
Stlth   +            (no ring)
HPRegen 0.24/turn    (no ring)
MPRegen 0.08/turn

%: no passive effects
@: no status effects
A: explore regen
a: Renounce Religion, Berserk


You were on level 1 of the Dungeon.
You worshipped Trog.
Trog was aware of your devotion.
You visited 1 branch of the dungeon, and saw 1 of its levels.

You collected 8 gold pieces.

Inventory:

Hand Weapons
 a - a +0 falchion (weapon)
Armour
 b - a +0 animal skin (worn)
 c - a scarf of shadows (worn)
Scrolls
 e - a scroll of fear {unknown}
Potions
 d - a potion of heal wounds {unknown}


   Skills:
 + Level 3.2 Fighting
 + Level 3.2 Long Blades
 + Level 2.1 Armour
 + Level 2.1 Dodging


You had one spell level left.
You didn't know any spells.
Your spell library was empty.

Dungeon Overview and Level Annotations

Branches:
Dungeon (1/15)

Altars:


Innate Abilities, Weirdness & Mutations

You regain HP and MP as you explore.


Message History

The jackal is severely wounded.
The jackal barely misses you. The quokka misses you. The jackal bites you.
The jackal barely misses you.
You hit the quokka.
The quokka is severely wounded.
The jackal bites you. The jackal closely misses you. The quokka misses you.
The jackal completely misses you. The jackal misses you. The quokka bites you.
You barely miss the jackal.
The jackal is severely wounded.
The jackal bites you. x2; The quokka misses you.
You hit the jackal.
You kill the jackal!
Trog accepts your kill. The jackal barely misses you. The quokka bites you.
The jackal bites you.
* * * LOW HITPOINT WARNING * * *
The quokka attacks as it pursues you! The quokka barely misses you.
You see here a jackal corpse.
You barely miss the quokka.
The quokka is severely wounded.
The quokka barely misses you. x2
You hit the quokka.
You kill the quokka!
Trog accepts your kill.
You miss the jackal. The jackal barely misses you.
The jackal bites you but does no damage.
You hit the jackal.
You kill the jackal!
Trog accepts your kill.
You see here a quokka corpse.
You start resting.
A quokka comes into view.
A quokka is nearby!
A quokka is nearby!
The quokka bites you.
* * * LOW HITPOINT WARNING * * *
You hit the quokka but do no damage. The quokka completely misses you.
You closely miss the quokka. The quokka bites you.
* * * LOW HITPOINT WARNING * * *
The quokka bites you.
You die...

.# #.# ###.####
...##.##
#.#.#.#####
#####.........#
#†.@r...#.###.#
#†##†.....# #.#
#..#.....###
#.# #.####...##
#.# #.. ....##
##.## #.#
####.#
#...##### #.
#.# #.......# #
##+## #...###.#
##...## #####
#.#


You could see a quokka.

Vanquished Creatures
  A dart slug (D:1)
  2 bats (D:1)
  An endoplasm (D:1)
  3 jackals (D:1)
  A quokka (D:1)
  A rat (D:1)
9 creatures vanquished.

Notes
Turn   | Place    | Note
-------+----------+-------------------------------------------
     0 | D:1      | veles2001 the Human Berserker began the quest for the Orb.
     0 | D:1      | Reached XP level 1. HP: 18/18 MP: 1/1
   153 | D:1      | Reached XP level 2. HP: 23/24 MP: 2/2
   200 | D:1      | Slain by a quokka

Illustrated notes

Levels and vault maps discovered:
D:1:      minmay_arrival_checkered_box, layout_loops_corners,
          hellmonk_ecumenical_altar_zigzags, minmay_misc_feat_ornament,
          st_stairs_10

Action                     || total
---------------------------++-------
  Melee: Falchion          ||    37
 Armour: Animal skin       ||    30
  Dodge: Dodged            ||    39

Table legend: (Time is in decaauts)
 A = Elapsed time spent in this place.
 B = Non-inter-level travel time spent in this place.
 C = Inter-level travel time spent in this place.
 D = Time resting spent in this place.
 E = Time spent auto-exploring this place.
 F = Levels seen in this place.
 G = Mean time per level.
                   A        B        C        D        E       F      G
               +--------+--------+--------+--------+--------+-----+--------+
         Total |    204 |    204 |      0 |      9 |     78 |   1 |  204.0 |
       Dungeon |    204 |    204 |      0 |      9 |     78 |   1 |  204.0 |
               +--------+--------+--------+--------+--------+-----+--------+

Top non-repeatable levels by time:
     D:1: 204 daAuts
